Map: Fields of Death

Players

MattBarry - Winner!

  • Race: Protoss Protoss
  • League: Gold
  • Spawn Location: 6:00

MattBarry - Winner!

  • Race: Zerg Zerg
  • League: Gold
  • Spawn Location: 7:00

Neyra

  • Race: Terran Terran
  • Spawn Location: 12:00

Mucholini

  • Race: Terran Terran
  • League: Silver
  • Spawn Location: 12:00

VOD

Have the link to the VOD?

Description

Time

  • Played on: Jan. 21, 2023, 5:01 a.m.
  • Length: 18:32
Show
View Real Time Build Order
Export as new Build Order

MattBarry Protoss - Winner!

Build Orders: 1 Gate Expand 

Get SALT Encoding   

  12  0:00  Probe  
  13  0:12  Probe  
  14  0:19  Pylon  
  14  0:24  Probe  
  15  0:37  Probe  
  15  0:40  Gateway  
  16  0:48  Assimilator  
  16  0:49  Probe  
  17  1:01  Probe  
  18  1:13  Probe  
  19  1:23  Nexus  
  19  1:25  Probe  
  20  1:37  Cybernetics Core  
  20  1:38  Probe  
  21  1:46  Pylon  
  21  1:51  Probe  
  22  1:56  Pylon  
  22  2:03  Probe  
  22  2:06  Zealot  
  25  2:15  Probe  
  26  2:20  Warp Gate  
  26  2:26  Twilight Council  
  26  2:29  Probe  
  27  2:36  Probe  
  28  2:41  Probe  
  29  2:46  Assimilator  
  29  2:48  Probe  
  30  2:53  Probe  
  30  2:56  Gateway  
  31  3:00  Charge (Chrono Boost)  
  31  3:04  Gateway  
  31  3:10  Probe x2  
  33  3:22  Probe  
  33  3:23  Probe  
  35  3:30  Robotics Facility  
  35  3:34  Probe  
  35  3:35  Probe  
  37  3:41  Forge  
  37  3:46  Probe  
  37  3:47  Probe  
  39  3:54  Gateway  
  39  3:56  Gateway  
  39  3:58  Gateway  
  39  3:59  Probe  
  40  4:09  Probe  
  41  4:14  Pylon  
  41  4:16  Warp Prism  
  43  4:18  Zealot  
  43  4:19  Zealot  
  43  4:23  Zealot  
  49  4:27  Pylon  
  49  4:33  Protoss Ground Weapons Level 1 (Chrono Boost)  
  49  5:05  Pylon  
  49  5:10  Assimilator  
  49  5:13  Assimilator  
  49  5:20  Robotics Bay  
  49  5:34  Gateway  
  49  5:35  Gateway  
  49  5:42  Zealot x5  
  55  5:43  Zealot  
  55  5:49  Blink (Chrono Boost)  
  41  6:14  Warp Prism  
  41  6:16  Stalker x4  
  41  6:17  Stalker  
  51  6:19  Protoss Ground Armor Level 1 (Chrono Boost), Nexus  
  51  6:21  Stalker  
  51  6:22  Pylon  
  51  6:24  Pylon  
  53  6:32  Probe (Chrono Boost)  
  55  6:33  Probe (Chrono Boost)  
  55  6:43  Probe x2 (Chrono Boost)  
  57  6:48  Probe x2 (Chrono Boost)  
  59  6:58  Probe x2  
  59  6:59  Stalker x3  
  59  7:00  Stalker  
  69  7:09  Templar Archives  
  69  7:10  Probe x2  
  71  7:20  Stalker x2  
  75  7:23  Probe x2  
  77  7:31  Probe  
  77  7:35  Probe x2  
  80  7:42  Stalker, Assimilator  
  80  7:43  Stalker  
  84  7:45  Assimilator  
  79  8:08  Stalker x4  
  79  8:09  Stalker x2  
  91  8:19  Probe  
  93  8:20  Probe x2  
  94  8:30  Nexus  
  94  8:31  Pylon  
  94  8:32  Probe x3  
  97  8:44  Probe x3  
  97  8:47  Stalker x3  
  106  8:56  Protoss Ground Armor Level 2 (Chrono Boost)  
  106  9:06  Stalker  
  106  9:07  Stalker x4  
  117  9:10  Probe  
  117  9:29  Pylon  
  117  9:30  Pylon  
  117  9:32  Pylon  
  117  9:33  Pylon  
  117  9:41  Probe  
  118  10:02  Assimilator  
  118  10:05  Assimilator  
  118  10:11  Gateway  
  118  10:13  Gateway  
  118  10:14  Gateway, Probe x2  
  118  10:15  Probe  
  118  10:16  Gateway, Stalker x2  
  118  10:17  Stalker x3  
  118  10:18  Gateway, Stalker x3  
  118  10:19  Gateway  
  137  10:31  Disruptor (Chrono Boost)  
  134  10:57  Zealot x2  
  134  10:58  Zealot x6  
  134  11:00  Disruptor (Chrono Boost)  
  153  11:20  Stalker  
  153  11:21  Stalker x3  
  153  11:22  Zealot  
  163  11:30  Psionic Storm  
  163  11:42  Pylon  
  163  11:43  Pylon x2  
  101  11:58  Stalker x5  
  101  11:59  Stalker x5  
  101  12:00  Zealot x4  
  88  12:25  Zealot x5  
  88  12:26  Zealot x7  
  88  12:27  Zealot x2  
  99  13:02  High Templar  
  99  13:03  High Templar x5  
  99  13:04  Zealot x3  
  99  13:05  Zealot x5  
  127  13:26  Zealot x4  
  135  13:27  Zealot x4  
  143  13:45  Protoss Ground Weapons Level 2 (Chrono Boost)  
  143  13:49  Stalker  
  143  13:50  Stalker x7  
  143  13:51  Stalker x2  
  151  14:17  Stalker  
  151  14:18  Stalker x7  
  151  14:19  Stalker  
  151  14:20  Stalker  
  131  14:48  Archon x2  
  121  14:57  Zealot x4  
  121  14:58  Zealot x6  
  121  14:59  Zealot x3  
  133  15:26  Archon  
  109  15:40  Stalker x2  
  109  15:41  Stalker x6  
  125  15:42  Stalker  
  125  15:43  Stalker x4  
  125  15:44  Stalker  
  135  16:05  Nexus  
  135  16:07  Pylon  
  135  16:08  Pylon  
  133  16:12  High Templar x6  
  133  16:13  High Templar x2  
  133  16:14  Zealot x3  
  133  16:16  Zealot x2  
  133  16:17  Archon  
  133  16:18  Archon x3  
  155  16:46  Stalker x2  
  155  16:47  Stalker x5  
  161  16:48  Stalker x2  
  161  16:49  Stalker  
  173  17:03  Pylon  
  149  17:26  Stalker x4  
  149  17:27  Stalker x5  
  149  17:29  Stalker  
  169  17:30  Stalker  
  159  18:05  Stalker x6  
  153  18:06  Stalker x2  
  153  18:07  Stalker  
  153  18:08  Stalker  
Show
View Real Time Build Order
Export as new Build Order

MattBarry Zerg - Winner!

Build Orders: Hatch First, Brood Lord Corruptor 

Get SALT Encoding   

  12  0:00  Drone  
  13  0:11  Drone  
  14  0:21  Overlord  
  14  0:22  Extractor  
  14  0:23  Drone  
  15  0:39  Drone  
  16  0:51  Hatchery  
  15  1:00  Drone  
  15  1:02  Drone  
  15  1:03  Drone  
  18  1:14  Extractor  
  17  1:20  Spawning Pool  
  17  1:23  Drone  
  17  1:28  Drone  
  18  1:33  Drone  
  19  1:46  Drone  
  20  2:06  Zergling x2  
  20  2:08  Zergling x2, Queen  
  22  2:09  Queen  
  22  2:11  Drone  
  27  2:16  Overlord  
  27  2:27  Zergling x2  
  28  2:31  Overlord x2  
  28  2:38  Drone x2  
  30  2:45  Baneling Nest  
  30  2:47  Metabolic Boost  
  29  2:58  Zergling x2  
  29  2:59  Drone x2  
  29  3:02  Drone  
  33  3:29  Hatchery  
  32  3:35  Roach Warren  
  32  3:38  Lair, Extractor  
  30  3:44  Queen  
  30  3:48  Drone  
  33  3:50  Drone  
  33  3:53  Drone  
  35  3:56  Drone  
  35  3:59  Drone  
  37  4:03  Drone  
  37  4:04  Drone  
  39  4:15  Roach  
  39  4:16  Roach x2  
  45  4:34  Evolution Chamber  
  45  4:35  Evolution Chamber, Drone x6  
  49  4:42  Drone  
  49  4:45  Queen  
  52  4:58  Drone x3  
  52  4:59  Roach  
  57  5:00  Drone  
  57  5:06  Spine Crawler  
  58  5:07  Drone  
  58  5:08  Overlord  
  58  5:23  Overlord  
  58  5:29  Ravager x3  
  61  5:44  Roach  
  61  5:45  Roach x2, Zerg Missile Weapons Level 1  
  67  5:51  Zerg Ground Armor Level 1  
  67  5:53  Extractor  
  67  5:56  Extractor  
  64  6:27  Spire  
  63  6:38  Drone  
  63  6:39  Drone x2  
  66  7:00  Overlord  
  66  7:09  Hydralisk Den  
  66  7:10  Queen  
  66  7:11  Queen  
  66  7:14  Queen  
  71  7:32  Zergling x2  
  71  7:33  Zergling x20  
  71  7:34  Overlord  
  71  7:35  Overlord x2  
  82  7:43  Hatchery  
  81  7:46  Infestation Pit  
  81  7:47  Corruptor  
  82  7:52  Corruptor x4  
  82  7:55  Corruptor x2  
  94  8:08  Drone x3  
  97  8:29  Extractor x2, Drone x3  
  98  8:35  Hive  
  98  8:42  Zerg Melee Weapons Level 1  
  98  8:48  Zerg Flyer Armor Level 1  
  98  8:57  Drone x2  
  98  8:58  Drone x6  
  98  8:59  Drone x3  
  109  9:06  Queen  
  111  9:30  Drone  
  112  9:43  Overlord x2  
  112  9:44  Overlord  
  112  9:58  Spire  
  111  10:01  Queen  
  111  10:02  Pathogen Glands  
  111  10:04  Corruptor x2  
  111  10:06  Roach x2  
  111  10:07  Roach x2, Zergling x8  
  125  10:08  Overlord x3  
  129  10:34  Overlord  
  129  10:36  Corruptor x2  
  129  10:37  Corruptor x2, Pneumatized Carapace  
  137  10:43  Greater Spire  
  118  11:18  Mutalisk x7  
  132  11:26  Extractor  
  132  11:27  Extractor  
  130  11:35  Overlord x2  
  125  11:45  Overlord x2  
  110  12:02  Roach x5  
  110  12:03  Roach x5  
  128  12:08  Brood Lord  
  128  12:09  Brood Lord  
  124  12:20  Corruptor  
  102  12:38  Brood Lord  
  104  12:52  Brood Lord  
  104  12:53  Brood Lord x4  
  114  13:02  Overlord x7  
  114  13:03  Overlord x3  
  102  13:30  Zerg Melee Weapons Level 2  
  94  13:34  Corruptor x11  
  94  13:35  Corruptor x2  
  108  13:56  Corruptor x5  
  118  14:42  Corruptor x3  
  124  15:08  Brood Lord x3  
  128  15:20  Brood Lord  
  126  15:31  Brood Lord  
  128  15:49  Brood Lord  
  132  16:09  Brood Lord x4  
  132  16:10  Brood Lord x2  
  134  16:20  Corruptor x3  
  134  16:21  Corruptor x3  
  146  16:33  Overlord  
  146  16:34  Overlord x3  
  146  16:43  Overlord  
  146  16:44  Overlord  
  146  16:51  Overlord x2  
  146  16:52  Overlord  
  146  17:13  Corruptor x6  
  158  17:16  Overlord  
  158  17:32  Corruptor x2  
  156  17:44  Corruptor x2  
Show
View Real Time Build Order
Export as new Build Order

Neyra Terran 

Build Orders:  

Get SALT Encoding   

  12  0:01  SCV  
  13  0:13  SCV  
  14  0:19  Supply Depot  
  14  0:27  Refinery  
  14  0:30  SCV  
  15  0:43  Barracks  
  15  0:53  SCV  
  16  1:01  Refinery  
  16  1:06  Engineering Bay  
  16  1:12  SCV  
  17  1:33  Factory  
  17  1:34  Marine  
  18  1:43  Supply Depot  
  18  1:50  SCV  
  19  2:02  Marine  
  19  2:03  SCV  
  21  2:10  Supply Depot  
  21  2:21  Supply Depot  
  21  2:24  Factory Tech Lab  
  21  2:37  Starport  
  21  2:41  SCV  
  22  2:59  SCV  
  22  3:00  Sensor Tower  
  23  3:09  Siege Tank  
  26  3:23  Fusion Core  
  26  3:27  Starport Tech Lab  
  26  3:30  SCV  
  27  3:46  SCV  
  28  4:15  Battlecruiser  
  34  4:35  Command Center  
  34  4:45  Weapon Refit  
  34  5:01  Missile Turret  
  34  5:03  Orbital Command  
  34  5:37  Battlecruiser  
  40  5:57  Missile Turret  
  40  6:20  Starport, Command Center  
  40  6:26  Widow Mine  
  42  6:36  Orbital Command  
  42  6:59  Widow Mine  
  44  7:05  Sensor Tower  
  44  7:06  Starport Tech Lab  
  44  7:09  SCV x2  
  44  7:14  Refinery  
  46  7:21  SCV x2  
  48  7:33  SCV  
  48  7:34  SCV, Battlecruiser  
  48  7:35  Missile Turret  
  56  7:43  Refinery  
  56  7:45  SCV, Refinery  
  56  7:46  SCV  
  58  7:51  Refinery  
  58  7:57  SCV  
  58  7:58  SCV  
  54  8:09  SCV  
  54  8:10  Battlecruiser  
  61  8:13  SCV  
  61  8:14  SCV  
  63  8:21  SCV  
  63  8:22  Siege Tank  
  67  8:32  Missile Turret  
  67  8:33  Orbital Command  
  67  8:42  SCV x2  
  69  8:54  Marine, SCV x2  
  72  9:06  SCV  
  73  9:10  Engineering Bay  
  73  9:12  Marine  
  74  9:20  SCV  
  74  9:21  SCV x2  
  77  9:37  Supply Depot  
  77  9:40  Neosteel Armor  
  77  9:46  Supply Depot, Hi-Sec Auto Tracking  
  77  9:58  Marine, Battlecruiser  
  84  10:08  Armory, Battlecruiser  
  84  10:09  Supply Depot, Armory  
  90  10:14  Starport  
  90  10:15  Supply Depot  
  90  10:41  Supply Depot  
  90  10:43  Missile Turret  
  90  10:54  Starport Tech Lab  
  90  10:56  Starport  
  90  11:03  Terran Vehicle And Ship Armor Level 1  
  90  11:04  Terran Ship Weapons Level 1  
  90  11:05  Battlecruiser  
  96  11:28  Command Center  
  96  11:40  Sensor Tower  
  96  11:42  Sensor Tower  
  96  12:02  Starport Tech Lab, Battlecruiser x2  
  96  12:35  Battlecruiser x2  
  102  12:41  Starport  
  96  12:45  Missile Turret  
  96  12:50  Planetary Fortress  
  96  13:06  Missile Turret  
  95  13:22  Battlecruiser x2  
  95  13:24  Starport Tech Lab  
  95  13:25  Starport  
  105  13:44  SCV  
  106  13:50  Refinery  
  106  13:52  Terran Vehicle And Ship Armor Level 2, Terran Ship Weapons Level 2  
  106  13:56  SCV  
  107  14:09  SCV  
  108  14:10  Marine  
  108  14:12  Refinery  
  108  14:13  Widow Mine  
  111  14:21  SCV  
  112  14:28  Marine  
  107  14:33  SCV  
  100  14:42  Missile Turret  
  87  14:46  Marine  
  87  14:49  Siege Tank  
  90  14:54  Battlecruiser x3  
  90  14:55  Starport Tech Lab, Battlecruiser  
  112  15:03  Missile Turret  
  112  15:04  Marine  
  67  15:56  Supply Depot  
  67  15:57  Supply Depot  
  67  16:00  Supply Depot  
  54  16:22  Supply Depot x2  
  54  16:27  Supply Depot  
  54  16:31  Supply Depot  
  54  16:33  Supply Depot  
  54  16:44  Battlecruiser  
  54  16:45  Supply Depot  
  66  16:49  Battlecruiser x2  
  66  16:53  Battlecruiser  
  84  16:54  Battlecruiser  
  84  17:00  Supply Depot  
  90  17:06  Supply Depot  
  90  17:09  Supply Depot  
Show
View Real Time Build Order
Export as new Build Order

Mucholini Terran 

Build Orders:  

Get SALT Encoding   

  12  0:00  SCV  
  13  0:12  SCV  
  14  0:19  Supply Depot  
  14  0:29  SCV  
  15  0:41  SCV  
  16  0:44  Barracks  
  16  0:53  SCV  
  16  0:56  Refinery  
  17  1:06  SCV  
  18  1:18  SCV  
  19  1:32  Marine  
  20  1:33  Orbital Command  
  20  1:42  Supply Depot  
  20  1:49  Command Center  
  20  1:56  Command Center  
  20  2:00  SCV  
  21  2:12  SCV  
  22  2:20  Barracks Reactor  
  22  2:25  SCV  
  22  2:28  Refinery  
  23  2:38  Barracks, SCV  
  23  2:41  Barracks  
  24  2:51  SCV  
  25  3:00  Marine x2  
  25  3:03  SCV  
  28  3:11  Supply Depot  
  28  3:15  SCV  
  28  3:18  Orbital Command  
  29  3:27  SCV  
  29  3:30  Marine x2  
  29  3:32  Barracks Tech Lab  
  29  3:33  Barracks Tech Lab  
  32  3:39  SCV  
  33  3:44  Supply Depot  
  33  3:46  SCV  
  34  3:51  SCV  
  34  3:52  Combat Shield  
  34  3:53  Stimpack  
  35  3:57  Factory  
  35  3:58  SCV  
  36  4:03  SCV  
  36  4:06  Supply Depot  
  36  4:09  Marauder x2  
  41  4:10  SCV  
  41  4:15  SCV  
  43  4:18  Marine x2  
  43  4:22  SCV  
  46  4:29  Supply Depot  
  46  4:30  Marauder  
  48  4:38  Marine, Marauder  
  50  4:39  Marine  
  50  4:44  Starport  
  52  4:51  Marauder  
  54  4:53  Engineering Bay  
  54  4:56  Factory Reactor, Marine  
  54  4:57  Marine  
  54  4:59  Marauder  
  58  5:02  Supply Depot  
  58  5:08  SCV  
  58  5:09  SCV  
  58  5:13  Marauder  
  62  5:18  Refinery x2  
  62  5:20  SCV  
  62  5:21  SCV  
  64  5:31  Supply Depot  
  64  5:32  Supply Depot  
  64  5:33  SCV x2  
  66  5:39  Medivac x2  
  66  5:41  Marine x2, Marauder x2  
  75  5:43  Factory Tech Lab  
  62  5:59  Marine x2  
  57  6:10  Engineering Bay  
  57  6:11  SCV  
  58  6:21  SCV  
  58  6:23  SCV  
  60  6:31  Terran Infantry Weapons Level 1  
  60  6:33  SCV  
  60  6:36  SCV  
  60  6:37  Armory  
  62  6:42  Supply Depot  
  62  6:43  Supply Depot  
  62  6:44  Siege Tank  
  62  6:46  Marine x4  
  69  6:49  SCV x2  
  72  7:01  Terran Infantry Armor Level 1, SCV x2  
  72  7:04  Marine x2  
  75  7:13  SCV x2  
  77  7:33  Marine  
  77  7:34  Marine  
  77  7:35  Marauder x2  
  83  7:47  Command Center  
  83  8:06  SCV x2  
  83  8:09  Marine  
  83  8:10  Marine, Marauder  
  83  8:11  Marauder  
  83  8:12  Medivac, Siege Tank  
  96  8:18  SCV  
  96  8:19  SCV  
  98  8:25  Supply Depot x2  
  98  8:27  Marine x2  
  98  8:30  SCV  
  98  8:31  Marine, SCV  
  103  8:42  SCV  
  103  8:43  SCV  
  105  8:51  Supply Depot  
  105  8:52  Supply Depot  
  105  8:53  Terran Vehicle Weapons Level 1  
  105  8:54  Siege Tank  
  105  8:55  Marine, SCV x2, Medivac  
  112  8:56  Marine x3  
  112  9:01  Terran Infantry Weapons Level 2  
  116  9:09  Terran Infantry Armor Level 2  
  116  9:13  Marine x2  
  116  9:14  Marine, Orbital Command  
  119  9:22  SCV x2  
  121  9:27  Marine  
  121  9:31  Marine  
  122  9:32  Marauder  
  122  9:34  SCV x2  
  127  9:40  Barracks  
  127  9:41  Barracks  
  127  9:42  SCV  
  128  9:46  SCV  
  129  9:56  Marine x2  
  129  9:57  Marauder x2  
  129  9:59  Siege Tank  
  138  10:00  Medivac  
  140  10:13  Medivac  
  142  10:14  Marine x2  
  142  10:19  Marauder x2  
  148  10:31  Siege Tank  
  148  10:32  Marine x2  
  153  10:39  Marine  
  147  10:59  Marine  
  147  11:00  Marine x3  
  147  11:01  Medivac x2  
  147  11:03  Siege Tank  
  158  11:05  Barracks Reactor  
  158  11:06  Barracks Tech Lab  
  158  11:08  Barracks  
  158  11:10  Barracks  
  158  11:17  Marine x2  
  158  11:18  Marine x2  
  162  11:29  Terran Infantry Weapons Level 3  
  162  11:31  Medivac  
  164  11:35  Marine  
  165  11:43  Marine x2  
  165  11:44  Siege Tank  
  110  12:19  Marine x8  
  110  12:21  Medivac x2, Siege Tank  
  121  12:26  Barracks Tech Lab  
  118  12:30  Supply Depot  
  118  12:32  Supply Depot  
  118  12:37  Marine x3  
  104  12:53  Siege Tank  
  107  13:01  Marine x6  
  107  13:02  Marine x3  
  116  13:09  Refinery x2  
  116  13:11  SCV  
  116  13:12  SCV x2  
  119  13:19  Marine x5  
  126  13:20  Marauder x4  
  126  13:23  SCV  
  126  13:24  SCV x2  
  126  13:25  Siege Tank  
  123  13:37  Marine x5  
  133  13:41  Marauder x4, Terran Infantry Armor Level 3  
  133  13:44  Terran Vehicle Weapons Level 2  
  133  13:48  Medivac  
  137  13:54  Marine  
  137  13:55  Marine x4  
  142  13:57  Siege Tank  
  153  14:03  Marauder x4  
  143  14:13  Marine  
  142  14:23  Marine  
  143  14:24  Marauder x2  
  108  14:35  Marine x5  
  110  14:39  Barracks Tech Lab  
  110  14:41  Marine  
  110  14:45  Marine x2, Medivac x2, Siege Tank  
  109  14:52  Marine  
  109  14:53  Marine x3, Marauder  
  98  15:15  Medivac x2  
  98  15:17  Siege Tank  
  93  15:41  Supply Depot  
  93  15:44  Marine  
  93  15:45  Marine x6  
  90  16:02  Marine  
  90  16:03  Marine x2  
  78  16:39  Widow Mine  
  80  16:40  Marine  
  80  16:41  Marine x7  
  67  17:01  Widow Mine  
  69  17:10  Missile Turret x2  
  69  17:11  Missile Turret  
  69  17:14  Missile Turret  
Tags
 
Add a new tag
Caveats
  • Supply blocks, unpowered buildings, or Contaminate may cause inaccurate times.
  • Supply counts are checked every 10 seconds.